 Dungeon Crawl Stone Soup version 0.29-a0-317-gd16b76e6b1 (webtiles) character file.

Game seed: 1190162959723074888

2250 Murumi the Shield-Bearer (level 9, -4/68 HPs)
             Began as a Formicid Abyssal Knight on Mar 31, 2022.
             Was an Elder of Lugonu.
             Slain by an orc warrior
             ... wielding a +0 glaive
              (17 damage)
             ... in a bailey.
             The game lasted 00:27:19 (8274 turns).

Murumi the Shield-Bearer (Formicid Abyssal Knight)  Turns: 8274, Time: 00:27:20

Health: -4/68      AC:  8    Str: 22    XL:     9   Next: 64%
Magic:  13/13      EV: 10    Int: 16    God:    Lugonu [****..]
Gold:   1474       SH:  7    Dex: 11    Spells: 10/12 levels left

rFire   . . .      SeeInvis +   a - +0 whip
rCold   . . .      Faith    .   i - +2 buckler
rNeg    . . .      Spirit   .   v - +0 scale mail
rPois   .          Reflect  .   (helmet unavailable)
rElec   .          Harm     .   l - +0 cloak
rCorr   .          Rampage  .   (no gloves)
Will    .....                   (no boots)
Stlth   +.........              (no amulet)
HPRegen 0.21/turn               j - +6 ring of intelligence
MPRegen 0.13/turn               t - ring of flight

@: mighty, flying, invisible
A: permanent stasis, dig shafts and tunnels, antennae 3, four strong arms
a: Dig, Renounce Religion, Depart the Abyss, Bend Space, Banish, Corrupt


You were in a bailey.
You worshipped Lugonu.
Lugonu was greatly pleased with you.
You visited 2 branches of the dungeon, and saw 8 of its levels.
You visited the Abyss 1 time.
You also visited: Bailey.

You collected 1474 gold pieces.

Inventory:

Hand Weapons
 a - a +0 whip (weapon)
 f - a +2 hand crossbow of venom
Missiles
 s - 2 throwing nets
Armour
 i - a +2 buckler (worn)
 l - a +0 cloak (worn)
 v - a +0 scale mail (worn)
Jewellery
 j - a +6 ring of intelligence (left hand)
 t - a ring of flight (right hand)
Wands
 b - a wand of iceblast (5)
 c - a wand of mindburst (8)
 q - a wand of flame (20)
Scrolls
 d - a scroll of amnesia
 r - a scroll of identify
 u - a scroll of fear
Potions
 h - a potion of resistance
 k - a potion of attraction
 m - 2 potions of curing
 n - a potion of brilliance
 o - 2 potions of heal wounds


   Skills:
 - Level 5.0 Fighting
 - Level 4.0 Maces & Flails
 - Level 4.0 Crossbows
 - Level 5.0 Armour
 - Level 2.0 Dodging
 - Level 4.0 Stealth
 - Level 7.0 Shields
 - Level 2.0 Spellcasting
 - Level 2.0 Transmutations
 + Level 6.2 Invocations
 - Level 2.0 Evocations


You had 10 spell levels left.
You knew the following spells:

 Your Spells              Type           Power      Damage    Failure   Level
a - Wereblood             Tmut           8%         N/A       38%         2

Your spell library contained the following spells:

 Spells                   Type           Power      Damage    Failure   Level
 Beastly Appendage        Tmut           16%        N/A       26%         1
 Animate Skeleton         Necr           2%         N/A       52%         1
 Pain                     Necr           4%         1d4       52%         1
 Spider Form              Tmut/Pois      4%         N/A       77%         3
 Gell's Gravitas          Tloc           1%         N/A       88%         3
 Lesser Beckoning         Tloc           1%         N/A       88%         3
 Teleport Other           Tloc           1%         N/A       88%         3
 Vampiric Draining        Necr           1%         2d6       88%         3
 Leda's Liquefaction      Hex/Erth       0%         N/A       99%         4
 Lee's Rapid Deconstruct  Erth           0%         3d5*      100%        5
 Statue Form              Tmut/Erth      2%         N/A       100%        6


Dungeon Overview and Level Annotations

Branches:
Dungeon (7/15)             Temple (1/1) D:4          Bailey (1/1)

Altars:
Ashenzari
Cheibriados
Dithmenos
Elyvilon
Fedhas
Kikubaaqudgha
Makhleb
Nemelex Xobeh
Okawaru
Qazlal
Ru
Sif Muna
Trog
Uskayaw
Vehumet
Wu Jian
Xom
Yredelemnul
Zin

Shops:
D:5 (

Annotations:
D:5 5 runed translucent doors


Innate Abilities, Weirdness & Mutations

You cannot be hasted, slowed, berserked, paralysed or teleported.
You can dig through walls and to a lower floor.
You have a pair of large antennae on your head. (SInv)
Your four strong arms can wield two-handed weapons with a shield.


Message History

An orc warrior comes into view. It is wielding a +4 spear.
You shoot a bolt. The bolt completely misses the orc.
You shoot a bolt. The bolt hits the orc.
The orc is severely wounded.
Your +2 hand crossbow of venom stops dripping with poison.
a - a +0 whip (weapon)
You hit the orc.
You kill the orc!
Lugonu accepts your kill. The orc closely misses you.
You hit the orc.
The orc is almost dead.
You block the orc's attack. x2; You block the orc warrior's attack.
You whack the orc!
You kill the orc!
Lugonu accepts your kill. The orc warrior barely misses you.
The orc hits you but does no damage.
The orc warrior hits you from afar with a +4 spear!
You feel very mighty all of a sudden. The orc warrior closely misses you.
The orc hits you from afar with a +0 halberd.
You block the orc warrior's attack.
The orc warrior hits you but does no damage.
The orc warrior hits you from afar with a +0 halberd!
The orc closely misses you.
The orc warrior hits you from afar with a +4 spear!
You are too injured to fight recklessly!
You whack the orc warrior!
The orc warrior is moderately wounded.
The orc warrior hits you with a +0 glaive!
You block the orc warrior's attack. The orc barely misses you.
The orc warrior closely misses you.
You closely miss the orc warrior.
The orc warrior is moderately wounded.
The orc warrior completely misses you. The orc misses you.
The orc warrior hits you from afar with a +4 spear!
* * * LOW HITPOINT WARNING * * *
You fade into invisibility!
The orc warrior hits you with a +0 glaive!
You die...

############ ###
#.∩..))...)## ....
......#.).).######{....
....[###....#....#oo##..
∩.....8.....'...@)oo8...
.....###....#...o#o.##..
......#.....######{....
#.∩........## ....
############ ###


You could see 3 orc warriors and 3 orcs.

Vanquished Creatures
  Sigmund (D:4)
  Eustachio (D:4)
  2 steam dragons
  A water moccasin (D:6)
  2 sky beasts
  2 black bears
  2 ogres
  A bullfrog (D:6)
  A scorpion (D:5)
  A howler monkey (D:5)
  2 orc priests
  6 hounds
  3 jellies
  A gnoll shaman (D:5)
  Ijyb (D:4)
  2 iguanas (D:4)
  3 orc wizards
  7 gnolls
  7 adders
  2 white imps (D:7)
  An ufetubus (D:5)
  4 dart slugs
  20 orcs
  4 ball pythons
  3 bats
  5 endoplasms
  2 giant cockroaches
  7 goblins
  5 hobgoblins
  3 jackals (D:2)
  8 kobolds
  2 quokkas (D:4)
  A frilled lizard (D:2)
  5 rats
118 creatures vanquished.

Notes
Turn   | Place    | Note
-------+----------+-------------------------------------------
     0 | Abyss:1  | Murumi the Formicid Abyssal Knight began the quest for the
                  | Orb.
     0 | Abyss:1  | Reached XP level 1. HP: 18/18 MP: 2/2
    21 | D:1      | Escaped the Abyss
    45 | D:1      | Reached skill level 1 in Dodging
   380 | D:1      | Found a faded altar of an unknown god.
   389 | D:1      | Reached XP level 2. HP: 23/25 MP: 3/3
  1419 | D:2      | Reached XP level 3. HP: 30/30 MP: 4/4
  1806 | D:3      | You fall into a shaft and drop 1 floor!
  1811 | D:4      | Identified the +5 trident of Bipsul {drain, rElec Int+2
                  | Dex+4}
  2008 | D:3      | Reached XP level 4. HP: 35/37 MP: 6/6
  2013 | D:3      | Reached skill level 1 in Crossbows
  2196 | D:3      | Learned a level 2 spell: Wereblood
  2230 | D:3      | Reached skill level 1 in Shields
  2299 | D:3      | Reached skill level 1 in Stealth
  2299 | D:3      | Reached skill level 2 in Shields
  2299 | D:3      | Reached *** piety under Lugonu
  2713 | D:4      | Noticed a black bear
  2714 | D:4      | Reached skill level 1 in Transmutations
  2714 | D:4      | Reached XP level 5. HP: 42/42 MP: 7/7
  2997 | D:4      | Noticed Eustachio
  2999 | D:4      | Noticed Ijyb
  3029 | D:4      | Killed Ijyb
  3030 | D:4      | Reached skill level 1 in Evocations
  3056 | D:4      | HP: 1/40 [Eustachio/+0 rapier (5)]
  3089 | D:4      | HP: 1/40 [Eustachio/+0 rapier (3)]
  3091 | D:4      | Killed Eustachio
  3092 | D:4      | Reached skill level 1 in Spellcasting
  3092 | D:4      | Reached skill level 3 in Shields
  3092 | D:4      | Reached skill level 4 in Shields
  3092 | D:4      | Reached XP level 6. HP: 1/48 MP: 8/8
  3555 | D:4      | Killed a black bear
  3556 | D:4      | Reached XP level 7. HP: 42/54 MP: 8/10
  3673 | D:4      | Noticed Sigmund
  3851 | D:4      | Identified a scroll of acquirement
  3851 | D:4      | Acquired 999 gold pieces
  3981 | D:4      | Killed Sigmund
  4363 | D:4      | Found a staircase to the Ecumenical Temple.
  4387 | D:5      | Entered Level 5 of the Dungeon
  4420 | Temple   | Entered the Ecumenical Temple
  4685 | D:5      | Reached XP level 8. HP: 17/60 MP: 11/11
  4979 | D:5      | Reached skill level 5 in Shields
  5117 | D:5      | Reached skill level 5 in Invocations
  5151 | D:5      | Found Buant's Weapon Shoppe.
  5176 | D:5      | Found the +9 staff of Olgreb {rPois∞}
  5287 | D:5      | Found a runed translucent door.
  5583 | D:5      | HP: 2/59 [gnoll/+0 spear (2)]
  6002 | D:5      | Found a burning altar of Makhleb.
  6022 | D:5      | Found a runed translucent gate.
  6031 | D:5      | Found a runed translucent gate.
  6043 | D:5      | Found a runed translucent gate.
  6052 | D:5      | Found a runed translucent door.
  6437 | D:6      | Reached skill level 5 in Fighting
  6437 | D:6      | Reached XP level 9. HP: 65/68 MP: 12/12
  6488 | D:6      | Found an iron altar of Okawaru.
  6512 | D:6      | Reached skill level 5 in Armour
  6707 | D:6      | Reached skill level 6 in Shields
  6947 | D:6      | Found a sacrificial altar of Ru.
  7914 | D:7      | Reached skill level 7 in Shields
  7999 | D:7      | Found a flagged portal.
  8017 | Bailey   | Entered a bailey
  8180 | Bailey   | Reached **** piety under Lugonu
  8274 | Bailey   | Slain by an orc warrior

Illustrated notes

Levels and vault maps discovered:
D:1:      minmay_arrival_jagged, layout_basic, dreamdust_ecumenical_altar_grove
D:2:      layout_loops_ring
D:3:      layout_basic, kennysheep_generic_room_3
D:4:      layout_cave_pools, temple_hall, minivault_1, minmay_misc_feat_plants,
          minmay_fractal_squares_diagonal_5, uniq_ijyb, uniq_eustachio,
          uniq_sigmund
D:5:      layout_rooms, makhleb_heckhound_becter, serial_shops, shop,
          minmay_misc_feat_encased, minmay_guarded_unrand_staff_of_olgreb
D:6:      layout_cave_pods, okawaru_trees_2, nicolae_ru_great_annihilating_truth
D:7:      layout_basic, enter_bailey_2
Temple:   eino_temple_scatter_basement
Bailey:   bailey_polearm_5, bailey

Skill      XL: |  1  2  3  4  5  6  7  8  9 |
---------------+----------------------------+-----
Dodging        | 1 2 |  2.0
Fighting       | 4 5 |  5.0
Armour         | 3 4 5 |  5.0
Invocations    | 3 4 5 6 |  6.2
Crossbows      | 1 2 3 4 |  4.0
Shields        | 2 4 5 7 |  7.0
Stealth        | 1 2 3 4 |  4.0
Transmutations | 1 2 |  2.0
Evocations     | 1 2 |  2.0
Spellcasting   | 1 2 |  2.0
Maces & Flails | 3 4 |  4.0

Action                   |  1- 3 |  4- 6 |  7- 9 || total
-------------------------+-------+-------+-------++-------
Melee: Mace              |    33 |       |       ||    33
       Whip              |    44 |    87 |   365 ||   496
       Punch             |     1 |       |       ||     1
 Fire: Hand crossbow     |    15 |    33 |   136 ||   184
Invok: Banish            |       |       |     1 ||     1
 Abil: Dig               |       |     1 |     2 ||     3
  Use: Scroll            |     8 |     5 |     8 ||    21
       Potion            |       |     6 |     4 ||    10
 Stab: Invisible         |       |     6 |       ||     6
Armor: Leather armour    |     4 |       |       ||     4
       Ring mail         |    18 |    16 |   103 ||   137
       Skin              |       |     2 |       ||     2
       Scale mail        |       |       |     2 ||     2
Dodge: Dodged            |    40 |    34 |   137 ||   211
Block: Buckler           |     4 |    17 |   120 ||   141

Table legend: (Time is in decaauts)
 A = Elapsed time spent in this place.
 B = Non-inter-level travel time spent in this place.
 C = Inter-level travel time spent in this place.
 D = Time resting spent in this place.
 E = Time spent auto-exploring this place.
 F = Levels seen in this place.
 G = Mean time per level.
                   A        B        C        D        E       F      G
               +--------+--------+--------+--------+--------+-----+--------+
         Total |   8324 |   7762 |    562 |    918 |   5392 |  10 |  832.4 |
       Dungeon |   7858 |   7310 |    548 |    918 |   5008 |   7 | 1122.6 |
        Temple |    184 |    171 |     13 |      0 |    156 |   1 |  184.0 |
         Abyss |     21 |     21 |      0 |      0 |     16 |   1 |   21.0 |
        Bailey |    260 |    260 |      0 |      0 |    212 |   1 |  260.0 |
               +--------+--------+--------+--------+--------+-----+--------+

Top non-repeatable levels by time:
     D:4: 1792 daAuts
     D:6: 1548 daAuts
     D:5: 1442 daAuts
     D:3: 1022 daAuts
     D:2: 959 daAuts
     D:1: 867 daAuts
  Bailey: 260 daAuts
     D:7: 226 daAuts
  Temple: 184 daAuts
 Abyss:1: 21 daAuts
